 Dungeon Crawl Stone Soup version 0.29-a0-892-g2c4c91d9db (webtiles) character file.

Game seed: 8781024802423928071

772 kae the Martial Artist (level 7, 0/51 HPs)
             Began as a Demonspawn Gladiator on July 22, 2022.
             Was an Initiate of Ru.
             Slain by a water moccasin (6 damage)
             ... on level 5 of the Dungeon.
             The game lasted 00:04:14 (5660 turns).

kae the Martial Artist (Demonspawn Gladiator)       Turns: 5660, Time: 00:04:15

Health: 0/51       AC:  8    Str: 14    XL:     7   Next: 53%
Magic:  7/7        EV: 13    Int: 12    God:    Ru [......]
Gold:   195        SH:  0    Dex: 20    Spells: 6/6 levels left

rFire   . . .      SeeInvis .     - Unarmed
rCold   + . .      Faith    .   (no shield)
rNeg    . . .      Spirit   .   w - +1 leather armour {rC+}
rPois   .          Reflect  .   b - +1 helmet
rElec   .          Harm     .   (no cloak)
rCorr   +          Rampage  .   (no gloves)
Will    .....                   (no boots)
Stlth   +.........              (no amulet)
HPRegen 0.17/turn               A - ring of Edah Xynt {rCorr Int+2 Dex+4}
MPRegen 0.20/turn               (no ring)

@: lethally poisoned (0 -> -8)
A: slimy green scales 1, powered by death 1, magic regeneration, weakness
stinger 1
a: Renounce Religion


You were on level 5 of the Dungeon.
You worshipped Ru.
Ru was noncommittal.
You visited 1 branch of the dungeon, and saw 5 of its levels.

You collected 195 gold pieces.


Innate Abilities, Weirdness & Mutations

You are partially covered in slimy green scales. (AC +2)
You regenerate a little health from kills.
You regenerate magic rapidly.
You have a small tail.


   Skills:
 + Level 2.8 Fighting
 - Level 1.7 Throwing
 - Level 2.6 Dodging
 * Level 8.0 Unarmed Combat


You had 6 spell levels left.
You didn't know any spells.
Your spell library contained the following spells:

 Spells                   Type           Power      Damage    Failure   Level
 Magic Dart               Conj           0%         1d3       38%         1
 Call Imp                 Summ           0%         N/A       54%         2
 Searing Ray              Conj           0%         2d4       54%         2
 Mephitic Cloud           Conj/Pois/Air  0%         N/A       77%         3
 Fulminant Prism          Conj/Hex       0%         3d6       99%         4

Inventory:

Hand Weapons
 q - the +9 war axe of Experimentation {drain, Fly rElec Str+2}
   (You found it on level 5 of the Dungeon)

   A truly terrible weapon, it drains the life of any living foe it strikes.
   Str:       It affects your strength (+2).
   rElec:     It insulates you from electricity.
   Fly:       It grants you flight.
Missiles
 c - 3 throwing nets (quivered) {=f!f}
 d - a javelin
 f - 56 stones
 m - 8 poisoned darts
Armour
 b - a +1 helmet (worn)
 i - a +0 robe
   (You found it on level 3 of the Dungeon)
 j - a +0 plate armour
   (You took it off an orc warrior on level 4 of the Dungeon)
 r - a scarf of resistance
   (You found it on level 3 of the Dungeon)
 v - a +0 leather armour
   (You took it off an orc on level 4 of the Dungeon)
 w - a +1 leather armour of cold resistance (worn)
   (You found it on level 2 of the Dungeon)
 B - a +0 scale mail
   (You found it on level 5 of the Dungeon)
 C - a +3 leather armour
   (You found it on level 5 of the Dungeon)
 D - a +0 robe
   (You took it off an orc wizard on level 5 of the Dungeon)
 E - a +0 leather armour
   (You took it off an orc on level 5 of the Dungeon)
Jewellery
 A - the ring of Edah Xynt (left hand) {rCorr Int+2 Dex+4}
   (You found it on level 5 of the Dungeon)

   [ring of resist corrosion]

   Int:       It affects your intelligence (+2).
   Dex:       It affects your dexterity (+4).
   rCorr:     It protects you from acid and corrosion.
Wands
 x - a wand of flame (10)
   (You found it on level 4 of the Dungeon)
Scrolls
 a - a scroll of poison {!r}
 g - a scroll of enchant weapon {unknown}
 h - a scroll of immolation {unknown}
 k - 4 scrolls of identify {unknown}
 p - a scroll of magic mapping {unknown}
 s - a scroll of amnesia
 y - a scroll of vulnerability {!r!r}
 z - a scroll of butterflies
Potions
 e - a potion of curing {unknown}
 l - 2 potions of ambrosia {unknown}
 n - a potion of lignification {!q}
 o - a potion of magic
 t - a potion of mutation {unknown}
 u - a potion of heal wounds {@q2}

Dungeon Overview and Level Annotations

Branches:
Dungeon (5/15) Zot: 24393
 Temple: D:4-7

Altars:
Ru
Sif Muna
Uskayaw
Wu Jian
Xom

Annotations:
D:4 Grinder

# ####.##...###..
#.####.##...#
#......##...#
########....#..S#
..... #....+S...
..... #....##...?
... ##+###
#'####.####
#......@S.#
##......##.#
#...)..## ..
#......# ##
#......# #......#
###.#### ###..#
#####.##.#


You could see a water moccasin.


Message History

The iguana completely misses you. Grinder hits you. The iguana bites you!
Grinder blinks!
The iguana bites you but does no damage.
The iguana barely misses you. Grinder gestures at you.
Pain shoots through your body!
* * * LOW HITPOINT WARNING * * *
You can move again. 😨 HP[-27]
You take 27 damage, and now have 22/51 hp.
MASSIVE DAMAGE!! (PAUSE) Unknown command.
The iguana bites you but does no damage.
You climb downwards.
There is a stone staircase leading up here. 😨 HP[+1] Unknown command.
You barely miss the iguana. The iguana closely misses you.
You hit the iguana. The iguana barely misses you.
You barely miss the iguana. The iguana completely misses you.
You punch the iguana! The iguana bites you!
* * * LOW HITPOINT WARNING * * *
😨 HP[-8]
You take 8 damage, and now have 15/51 hp.
You punch the iguana!
You kill the iguana!
Your Unarmed Combat skill increases to level 8! 😨 HP[+1] 😨 HP[+1] 😨 HP[+2]
You regained 2 hp, and now have 19/51 hp.
You start resting.
A water moccasin comes into view. 😨 HP[+6]
You regained 6 hp, and now have 25/51 hp.
There is a stone staircase leading up, spattered with blood here.
You start resting.
A water moccasin is nearby! 😮 HP[+1] 😮 HP[+1] 😮 HP[+1]
There is an open door here.
You start resting.
A water moccasin is nearby! 😮 HP[+1] As you close the door, it creaks loudly!
The water moccasin hisses angrily.
The water moccasin barely misses you.
You punch the water moccasin! The water moccasin misses you.
You barely miss the water moccasin. The water moccasin bites you.
You are poisoned.
The water moccasin poisons you! 😮 HP[-3]
You take 3 damage, and now have 26/51 hp.
You closely miss the water moccasin.
You feel very sick.
The water moccasin barely misses you. 😨 HP[-3]
You take 3 damage, and now have 23/51 hp.
You miss the water moccasin.
You feel sick. The water moccasin closely misses you.
The water moccasin bites you.
* * * LOW HITPOINT WARNING * * *
😨 HP[-4]
You take 4 damage, and now have 19/51 hp.
Unknown command.
You barely miss the water moccasin.
You feel sick.
The water moccasin closely misses you. 😨 HP[-2]
You take 2 damage, and now have 17/51 hp.
Unknown command.
You hit the water moccasin but do no damage.
Your punch misses the water moccasin.
You feel sick.
The water moccasin barely misses you. 😨 HP[-1]
You take 1 damage, and now have 16/51 hp.
Unknown command.
You punch the water moccasin!
You tail-slap the water moccasin, but do no damage.
You feel sick. The water moccasin bites you.
* * * LOW HITPOINT WARNING * * *
You are lethally poisoned!
The water moccasin poisons you! 😱 HP[-5]
You take 5 damage, and now have 11/51 hp.
You closely miss the water moccasin.
* * * LOW HITPOINT WARNING * * *
You feel sick.
The water moccasin closely misses you. 😱 HP[-2]
You take 2 damage, and now have 9/51 hp.
You closely miss the water moccasin.
* * * LOW HITPOINT WARNING * * *
You feel sick.
The water moccasin bites you but does no damage. 😱 HP[-1]
You take 1 damage, and now have 8/51 hp.
You hit the water moccasin.
Your tail-slap misses the water moccasin.
* * * LOW HITPOINT WARNING * * *
You feel sick. The water moccasin bites you.
You die...

Skill      XL: |  1  2  3  4  5  6  7 |
---------------+----------------------+-----
Unarmed Combat | 3 4 5 6 7 8 |  8.0
Fighting       | |  2.8
Throwing       | |  1.7
Dodging        | |  2.6

Action                   |  1- 3 |  4- 6 |  7- 9 || total
-------------------------+-------+-------+-------++-------
Melee: Unarmed           |   140 |   139 |    88 ||   367
       Punch             |     6 |     4 |     5 ||    15
       Tailslap          |    10 |    17 |     7 ||    34
Evoke: Wand              |       |       |     3 ||     3
  Use: Scroll            |     7 |       |       ||     7
       Potion            |       |     5 |     1 ||     6
 Stab: Sleeping          |     1 |       |       ||     1
Armor: Leather armour    |    38 |    40 |    27 ||   105
       Skin              |       |     1 |       ||     1
Dodge: Dodged            |    79 |    66 |    37 ||   182

Levels and vault maps discovered:
D:1:      lightli_arrival_noodles, layout_loops_ring, minmay_misc_feat_room,
          kennysheep_another_room
D:2:      layout_basic, basic_altar, hellmonk_ecumenical_altar_arch_garden,
          kennysheep_nondescript, chequers_mini_garden
D:3:      layout_basic
D:4:      layout_gridville, mainiacjoe_overflow_catch_the_wave
D:5:      layout_basic, gammafunk_temple_overflow_pools, hex_medium,
          uniq_grinder, uniq_ijyb

Notes
Turn   | Place    | Note
-------+----------+-------------------------------------------
     0 | D:1      | kae the Demonspawn Gladiator began the quest for the Orb.
     0 | D:1      | Reached XP level 1. HP: 16/16 MP: 1/1
     0 | D:1      | magus.rc [v1.11.3]
    45 | D:1      | HP: 4/16 [frozen (4)]
   295 | D:1      | Reached skill level 3 in Unarmed Combat
   475 | D:1      | Gained mutation: You regenerate magic rapidly. [demonic
                  | ancestry]
   475 | D:1      | Reached XP level 2. HP: 20/22 MP: 2/2
  1227 | D:2      | Gained mutation: You have a small tail. [demonic ancestry]
  1227 | D:2      | Reached XP level 3. HP: 25/27 MP: 3/3
  1308 | D:2      | Reached skill level 4 in Unarmed Combat
  1592 | D:2      | Found a hide-covered altar of Uskayaw.
  1699 | D:2      | Found a faded altar of an unknown god.
  2560 | D:3      | Gained mutation: You are partially covered in slimy green
                  | scales. (AC +2) [demonic ancestry]
  2560 | D:3      | Reached XP level 4. HP: 27/33 MP: 4/4
  2634 | D:3      | Noticed a black bear
  2647 | D:3      | Killed a black bear
  2648 | D:3      | Reached skill level 5 in Unarmed Combat
  2648 | D:3      | Gained mutation: You regenerate a little health from kills.
                  | [demonic ancestry]
  2648 | D:3      | Reached XP level 5. HP: 26/38 MP: 5/5
  2713 | D:3      | You pick up a book of Minor Magic and begin reading...
  2713 | D:3      | You add the spells Magic Dart, Call Imp and Mephitic Cloud
                  | to your library.
  3801 | D:4      | Noticed an orc warrior
  4012 | D:4      | Reached skill level 6 in Unarmed Combat
  4012 | D:4      | Reached XP level 6. HP: 30/44 MP: 6/6
  4153 | D:4      | Found a sacrificial altar of Ru.
  4202 | D:4      | Became a worshipper of Ru the Awakened
  4271 | D:4      | Found an ornate altar of the Wu Jian Council.
  4518 | D:4      | HP: 3/44 [orc warrior/+0 battleaxe (11)]
  4526 | D:4      | Killed an orc warrior
  4527 | D:4      | Reached skill level 7 in Unarmed Combat
  4905 | D:5      | Entered Level 5 of the Dungeon
  4914 | D:5      | Reached XP level 7. HP: 50/50 MP: 7/7
  4919 | D:5      | Identified the +9 war axe of Experimentation {drain, Fly
                  | rElec Str+2}
  5009 | D:5      | Identified the ring of Edah Xynt {rCorr Int+2 Dex+4}
  5036 | D:5      | Found a shimmering blue altar of Sif Muna.
  5036 | D:5      | Found a shimmering altar of Xom.
  5105 | D:5      | HP: 9/50 [something/puff of flame (12)]
  5392 | D:5      | You pick up a book of Conjurations and begin reading...
  5392 | D:5      | You add the spells Searing Ray and Fulminant Prism to your
                  | library.
  5561 | D:5      | Noticed Grinder
  5574 | D:4      | Paralysed by Grinder for 4 turns
  5586 | D:5      | Reached skill level 8 in Unarmed Combat
  5657 | D:5      | HP: 11/51 [water moccasin (3)]
  5660 | D:5      | Slain by a water moccasin

Vanquished Creatures
  An orc warrior (D:4)
  A black bear (D:3)
  An ogre (D:5)
  A phantom (D:5)
  A necrophage (D:4)
  A scorpion (D:4)
  A hound (D:4)
  2 iguanas (D:5)
  An orc wizard (D:5)
  3 gnolls (D:3)
  8 adders
  A shadow imp (D:5)
  2 worms (D:3)
  A dart slug (D:4)
  7 orcs
  6 bats
  6 endoplasms
  6 giant cockroaches
  3 goblins
  14 hobgoblins
  3 quokkas (D:1)
  2 ball pythons (D:2)
  A frilled lizard (D:1)
  8 kobolds
  6 rats
87 creatures vanquished.

Table legend:
 A = Non-vault XP
 B = Vault XP
 C = Vault XP percentage of total XP
 D = Non-vault monster count
 E = Vault monster count
 F = Vault count percentage of total count
                 A         B        C        D         E       F
            +---------+---------+-------+---------+---------+-------
      Total |    1103 |       0 |   0.0 |      87 |       0 |   0.0
            +---------+---------+-------+---------+---------+-------
        D:1 |      40 |       0 |   0.0 |      24 |       0 |   0.0
        D:2 |      54 |       0 |   0.0 |      19 |       0 |   0.0
        D:3 |     199 |       0 |   0.0 |      17 |       0 |   0.0
        D:4 |     421 |       0 |   0.0 |      16 |       0 |   0.0
        D:5 |     389 |       0 |   0.0 |      11 |       0 |   0.0
            +---------+---------+-------+---------+---------+-------

Illustrated notes

Table legend:
 A = Kills in this place as a percentage of kills in entire the game.
 B = Kills by you in this place as a percentage of kills by you in the entire game.
 C = Kills by friends in this place as a percentage of kills by friends in the entire game.
 D = Other kills in this place as a percentage of other kills in the entire game.
 E = Experience gained in this place as a percentage of experience gained in the entire game.
 F = Experience gained in this place divided by the number of levels of this place that you have seen.
                   A       B       C       D       E      F
               +-------+-------+-------+-------+-------+----------------------
         Total | 100.0 | 100.0 |   N/A |   N/A | 100.0 | 220.6
       Dungeon | 100.0 | 100.0 |   N/A |   N/A | 100.0 | 220.6
               +-------+-------+-------+-------+-------+----------------------

Table legend: (Time is in decaauts)
 A = Elapsed time spent in this place.
 B = Non-inter-level travel time spent in this place.
 C = Inter-level travel time spent in this place.
 D = Time resting spent in this place.
 E = Time spent auto-exploring this place.
 F = Levels seen in this place.
 G = Mean time per level.
                   A        B        C        D        E       F      G
               +--------+--------+--------+--------+--------+-----+--------+
         Total |   5605 |   5399 |    206 |    334 |   4346 |   5 | 1121.0 |
       Dungeon |   5605 |   5399 |    206 |    334 |   4346 |   5 | 1121.0 |
               +--------+--------+--------+--------+--------+-----+--------+

Top non-repeatable levels by time:
     D:3: 1461 daAuts
     D:1: 1216 daAuts
     D:2: 1191 daAuts
     D:4: 1002 daAuts
     D:5: 734 daAuts
